 Dungeon Sprint DCSS version 0.17-a0-2101-g0c122e7 (webtiles) character file.

865 tp1 the Eclecticist (level 7, -5/36 HPs)
             Began as a Deep Elf Conjurer on Oct 18, 2015.
             Slain by a skeletal warrior
             ... wielding a +0 dire flail
              (17 damage)
             ... in the Dungeon (Sprint II: "The Violet Keep of Menkaure").
             The game lasted 00:04:49 (631 turns).

tp1 the Eclecticist (Deep Elf Conjurer)              Turns: 631, Time: 00:04:49

Health: -5/36      AC:  2    Str:  5    XL:     7   Next: 72%
Magic:  19/30      EV: 13    Int: 22    God:
Gold:   972        SH:  0    Dex: 15    Spells: 4 memorised, 30 levels left

rFire  . . .     SeeInvis .     (no weapon)
rCold  . . .     Clarity  .     a - +0 robe
rNeg   . . .     SustAt   .     (no shield)
rPois  .         Gourm    .     (no helmet)
rElec  .         Spirit   .     (no cloak)
rCorr  .         Warding  .     (no gloves)
rMut   .         NoTele   +     (no boots)
MR     .....                    (no amulet)
Stlth  ++........               (no ring)
                                (no ring)

@: very slightly contaminated, not resistant to hostile enchantments, unstealthy
A: no striking features
a: no special abilities


You were in the Dungeon.
You were not hungry.

You visited 1 branch You collected 972 gold pieces.

Inventory:

Armour
 a - a +0 robe (worn)
Scrolls
 i - a scroll of blinking
Potions
 f - a potion of haste
 g - 2 potions of magic
Books
 b - a book of Conjurations

   Spells                             Type                      Level
   a - Magic Dart                     Conjuration                  1
   b - Searing Ray                    Conjuration                  2
   c - Dazzling Spray                 Conjuration/Hexes            3
   d - Fulminant Prism                Conjuration/Hexes            4
   e - Iskenderun's Mystic Blast      Conjuration                  4
   f - Iskenderun's Battlesphere      Conjuration/Charms           5
Comestibles
 c - a bread ration


   Skills:
 - Level 2.4 Dodging
 - Level 2.4 Stealth
 + Level 17.8 Spellcasting
 + Level 6.3 Conjurations
 + Level 10.4 Charms


You had 30 spell levels left.
You knew the following spells:

 Your Spells              Type           Power        Failure   Level  Hunger
a - Magic Dart            Conj           ####         1%          1    None
b - Searing Ray           Conj           #####.       1%          2    None
c - Dazzling Spray        Conj/Hex       ####....     1%          3    None
d - Iskenderun's Battles  Conj/Chrm      ######..     2%          5    #......


Dungeon Overview and Level Annotations

Branches:
Dungeon (1/1)

Altars:

Shops:
D =%=?[([!}:%!

Annotations:
D Kirke


Message History

The yaktaur captain is poisoned.
Kirke is engulfed in poison gas.
Kirke looks even sicker.
The yaktaur captain looks even sicker.
The yaktaur captain hits your battlesphere!!
Your battlesphere is destroyed!
The kobold demonologist casts a spell.
The centaur warrior is engulfed in poison gas.
The centaur warrior is poisoned.
A centaur warrior opens the gate.
The centaur warrior is engulfed in poison gas.
The centaur warrior looks even sicker.
The skeletal warrior hits you with a dire flail!
Casting: Magic Dart
Confirm with . or Enter, or press ? or * to list all spells.
You miscast Iskenderun's Battlesphere.
You are very lightly contaminated with residual magic.
Your skin tingles.
The centaur warrior is engulfed in poison gas.
The centaur warrior looks even sicker.
The skeletal warrior hits you with a dire flail!
You die...

##.§§§...## ###§.§§§§§§.##
# '...§§8§§§§.#
..####§.§§§§§§.
.Y.≈##..§§§§.
######≈≈#''Y#c§§##
#####≈≈≈.K.§§c@..#
....#≈≈≈Y.##§##z.#
....#≈≈≈≈##.#.##@####
∩...#≈≈≈≈#.###.#....#
.∩..#≈≈####.#.####..##
∩.⌠.#≈##.###'###.##..#
.∩..#≈###.##.##..##..#
∩...+≈'.##'.<.'##.'..#
....#≈#...##.##..##....#
▓▓###≈##.###'###.##......≈≈
#####≈≈####.).####≈≈...§§≈#


You could see Kirke, a yaktaur captain, an obsidian statue, an elephant, a
skeletal warrior and a centaur warrior.

Vanquished Creatures
  A siren (D)
  2 hippogriffs (D)
  Menkaure (D)
  4 worker ants (D)
  3 worms (D)
11 creatures vanquished.

Notes
Turn   | Place    | Note
--------------------------------------------------------------
     0 | D        | tp1 the Deep Elf Conjurer began the quest for the Orb.
     0 | D        | Reached XP level 1. HP: 10/10 MP: 6/6
     1 | D        | Noticed a siren
    15 | D        | Killed a siren
    15 | D        | Reached skill level 16 in Spellcasting
    15 | D        | Reached XP level 2. HP: 15/15 MP: 6/21
    15 | D        | Reached XP level 3. HP: 19/19 MP: 6/23
    15 | D        | Reached XP level 4. HP: 24/24 MP: 6/24
    15 | D        | Reached XP level 5. HP: 28/28 MP: 6/26
    15 | D        | Reached XP level 6. HP: 32/32 MP: 6/27
    21 | D        | Learned a level 2 spell: Searing Ray
    25 | D        | Learned a level 3 spell: Dazzling Spray
    31 | D        | Learned a level 5 spell: Iskenderun's Battlesphere
   116 | D        | Noticed a worker ant
   116 | D        | Noticed a worker ant
   116 | D        | Noticed a worker ant
   116 | D        | Noticed a worker ant
   120 | D        | Killed a worker ant
   122 | D        | Killed a worker ant
   122 | D        | Reached skill level 17 in Spellcasting
   124 | D        | Killed a worker ant
   128 | D        | Killed a worker ant
   236 | D        | Found Winaubeh's Distillery.
   236 | D        | Found Jynumod's Gadget Boutique.
   236 | D        | Found Duleak's Food Boutique.
   236 | D        | Found Joujajy's Distillery.
   237 | D        | Found Boigiag's Antique Armour Shop.
   237 | D        | Found Dugoide's Antique Weapon Boutique.
   237 | D        | Found Wunic's Antique Armour Shop.
   237 | D        | Found Plog's Magic Scroll Boutique.
   238 | D        | Found Viabur's Food Boutique.
   238 | D        | Found Vaidaown's Jewellery Shop.
   239 | D        | Found Appol's Book Shop.
   239 | D        | Found Qarock's Jewellery Boutique.
   239 | D        | Noticed Menkaure
   243 | D        | Killed Menkaure
   243 | D        | Reached XP level 7. HP: 36/36 MP: 9/29
   256 | D        | Noticed a hippogriff
   256 | D        | Noticed a hippogriff
   264 | D        | Killed a hippogriff
   264 | D        | Reached skill level 5 in Conjurations
   268 | D        | HP: 1/36 [hippogriff (4)]
   269 | D        | Killed a hippogriff
   269 | D        | Reached skill level 10 in Charms
   568 | D        | Noticed an obsidian statue
   594 | D        | Noticed an electric eel
   594 | D        | Noticed an electric eel
   594 | D        | Noticed an electric eel
   595 | D        | Noticed an electric eel
   595 | D        | Noticed an electric eel
   598 | D        | Noticed an electric eel
   599 | D        | Noticed an electric eel
   599 | D        | Noticed an electric eel
   613 | D        | Noticed a centaur warrior
   613 | D        | Noticed Kirke
   613 | D        | Noticed a skeletal warrior
   614 | D        | Noticed a kobold demonologist
   617 | D        | Noticed a yaktaur captain
   623 | D        | Noticed an elephant
   631 | D        | Slain by a skeletal warrior

Vault maps used:
D:        the_violet_keep_of_menkaure

Action                   |  1- 3 |  4- 6 |  7- 9 || total
-------------------------+-------+-------+-------++-------
Melee: Unarmed           |    12 |       |       ||    12
 Cast: Magic Dart        |       |    18 |    13 ||    31
       Iskenderun's Batt |       |     3 |     2 ||     5
  Use: Potion            |     1 |       |     2 ||     3
